AoeStats
← Carple

MegaRandom

506941409Analyzed
1v1 RM · 18d ago on Sep 15, 2026· 34m 36s· 2 players
Game mode
Random Map
Map size
Tiny (2 player)
Population
200
Speed
Normal
Resources
Standard
Victory
Conquest
Starting age
Dark Age
Ending age
Imperial Age
RankedLock teamsTeams togetherTeam positionsShared explorationLock speedFull tech treeHidden civsTurbo modeCheats
Victory
Defeat
🇦🇷 Tatars · Argentina
1278
+15
🇨🇦 Japanese · Canada
1256
-15
Carple
4:26 Loom
10:01 Feudal Age
11:57 Double-Bit Axe
15:17 Castle Age
13:45 Stone Mining
14:41 Forging
14:32 Scale Mail Armor
24:09 Fletching
25:17 Bow Saw
29:13 Squires
29:27 Arson
30:24 Elite Skirmisher
cerbero
6:39 Loom
9:56 Feudal Age
10:42 Double-Bit Axe
13:28 Fletching
18:49 Castle Age
19:06 Gold Mining
21:06 Bow Saw
23:24 Bodkin Arrow
26:05 Stone Mining
32:50 Ballistics
Connection lost

Rejoining the realm…

Still unreachable

The connection could not be restored.

Session expired

The server has moved on; the page needs a fresh start.